 Dungeon Crawl Stone Soup version 0.32-a0-22-g6ae6769602 (webtiles) character file.

Game seed: 14834783564144028927

410 Hellonello the Changeling (level 6, -14/54 HPs)
             Began as a Troll Shapeshifter on Jan 18, 2024.
             Demolished by an ogre
             ... wielding a +0 giant spiked club
              (26 damage)
             ... on level 5 of the Dungeon.
             The game lasted 00:05:16 (2681 turns).

Hellonello the Changeling (Troll Shapeshifter)      Turns: 2681, Time: 00:05:16

Health: -14/54     AC:  5    Str: 23    XL:     6   Next: 58%
Magic:  5/5        EV:  9    Int:  6    God:
Gold:   244        SH:  0    Dex: 11    Spells: 5/5 levels left

rFire   + .          .
                       - Unarmed
rCold   . . .        (no shield)
rNeg    . . .        a - +1 animal skin
rPois   .            (helmet currently unavailable)
rElec   .            (cloak currently unavailable)
rCorr   .            (gloves unavailable)
SInv    .            (boots unavailable)
Will    .....        p - amulet of regeneration
Stlth   +            i - ring of protection from fire
HPRegen 1.89/turn    f - ring of flight
MPRegen 0.09/turn

%: no passive effects
@: beast-form, flying
A: beast (slay +4), large, unfitting armour, claws 3, regeneration 1, shaggy fur
1, tough skin 1
a: Begin Untransformation


You were on level 5 of the Dungeon.
You were a hulking beast.
You visited 1 branch of the dungeon, and saw 5 of its levels.

You collected 244 gold pieces.

Inventory:

Armour
 a - a +1 animal skin (worn)
Jewellery
 f - a ring of flight (right claw)
 i - a ring of protection from fire (left claw)
 j - a ring of fire
 p - an amulet of regeneration (around neck)
 u - a ring of ice
Talismans
 c - a beast talisman
 d - a flux talisman
Scrolls
 e - a scroll of poison
 h - 3 scrolls of identify
 k - a scroll of teleportation
 l - a scroll of immolation
 m - a scroll of enchant armour
Potions
 b - 2 potions of lignification
 g - a potion of magic
 n - 2 potions of curing
 o - a potion of brilliance
 q - 2 potions of might
 r - a potion of attraction
 s - 2 potions of haste


   Skills:
 - Level 0.7 Fighting
 - Level 1.5 Dodging
 - Level 3.0 Unarmed Combat
 + Level 7.0 Shapeshifting


You had 5 spell levels left.
You didn't know any spells.
Your spell library was empty.

Dungeon Overview and Level Annotations

Branches:
Dungeon (5/15)             Temple (0/1) D:5

Altars:
Ashenzari
Okawaru


Innate Abilities, Weirdness & Mutations

You are a hulking beast.
Your limbs bulge with bestial killing power. (Slay +4)
You are too large for most types of armour.
You have claws for hands.
Your natural rate of healing is unusually fast.
You are covered in fur. (AC +1)
You have tough skin. (AC +1)


Message History

The puff of flame hits you. You resist.
You feel less confused. The orc misses you.
Something hits you but does no damage.
You see here a +0 short sword.
You barely miss the orc.
The orc is heavily wounded.
The orc closely misses you. Something hits you.
You claw the orc!
You kill the orc!
Something hits you.
You miss something. Something hits you.
You closely miss something. Something hits you but does no damage.
You barely miss something. You miss something.
Something hits you but does no damage.
You claw something!
Reactivating autopickup.
You feel a bit more experienced.
Your Shapeshifting skill increases to level 7!
There is a stone staircase leading down here.
Things that are here:
a +0 dagger; a +0 robe You see here an adder corpse.
An ogre comes into view. It is wielding a +0 giant spiked club.
The ogre shouts!
Things that are here:
a +0 dagger; a +0 robe The ogre hits you with a +0 giant spiked club!
You claw the ogre!
The ogre is severely wounded.
The ogre hits you with a +0 giant spiked club!
You claw the ogre!
The ogre is almost dead.
You barely miss the ogre.
The ogre is almost dead.
The ogre hits you with a +0 giant spiked club!
* * * LOW HITPOINT WARNING * * *
You barely miss the ogre.
The ogre is almost dead.
The ogre hits you with a +0 giant spiked club!!
You die...

###.# #. .. ....#+#####.
. #####........#.. .
..#.........#..
#.##...........#.. #.
#.#..#.........#.#
....###....#...........#
#..O##.).))..........
#h.#..>...........
#...#.)#†####........
#.###.#.#.# #........
..#.#.## #........
#.>.#.#.# #........ #..
#.#.# #........ #.##
.#.#. #........ ..# # .
. ######### #. .# .#


You could see an ogre.

Vanquished Creatures
  Pargi (D:4)
  A jelly (D:4)
  A bombardier beetle (D:5)
  An iguana (D:5)
  Terence (D:2)
  3 orc wizards (D:5)
  6 adders
  A white imp (D:5)
  3 dart slugs (D:3)
  7 orcs
  4 endoplasms
  3 giant cockroaches
  5 goblins
  5 hobgoblins
  5 kobolds
  4 quokkas
  A ball python (D:4)
  2 bats
  5 frilled lizards
  6 rats
65 creatures vanquished.

Notes
Turn   | Place    | Note
-------+----------+-------------------------------------------
     0 | D:1      | Hellonello the Troll Shapeshifter began the quest for the
                  | Orb.
     0 | D:1      | Reached XP level 1. HP: 18/18 MP: 0/0
   362 | D:1      | Reached XP level 2. HP: 26/26 MP: 1/1
   654 | D:1      | Found a faded altar of an unknown god.
  1062 | D:2      | Reached skill level 4 in Shapeshifting
  1157 | D:2      | Reached XP level 3. HP: 32/32 MP: 2/2
  1330 | D:2      | Noticed Terence
  1336 | D:2      | Killed Terence
  1337 | D:2      | Reached XP level 4. HP: 40/40 MP: 3/3
  1489 | D:3      | Found an iron altar of Okawaru.
  1514 | D:3      | Reached skill level 5 in Shapeshifting
  1675 | D:3      | Found a broken altar of Ashenzari.
  2199 | D:4      | Noticed Pargi
  2203 | D:4      | Killed Pargi
  2204 | D:4      | Reached XP level 5. HP: 40/46 MP: 4/4
  2308 | D:4      | Reached skill level 6 in Shapeshifting
  2569 | D:5      | Entered Level 5 of the Dungeon
  2581 | D:5      | Reached XP level 6. HP: 54/54 MP: 5/5
  2635 | D:5      | Found a staircase to the Ecumenical Temple.
  2670 | D:5      | Reached skill level 7 in Shapeshifting
  2681 | D:5      | Demolished by an ogre

Illustrated notes

Levels and vault maps discovered:
D:1:      roderic_crop_circles_arrival_small, layout_basic,
          dreamdust_ecumenical_altar_hidden_monk_grotto, solitary_fountain
D:2:      layout_basic, uniq_terence
D:3:      layout_basic, mainiacjoe_overflow_surrounded_room,
          nicolae_ashenzari_skybound, minmay_misc_feat_tiny
D:4:      cheibrodos_helix_gallery, layout_loops_ring, serial_park_tiny_pond,
          uniq_pargi
D:5:      layout_basic, minmay_temple_entry_steel_oval, minmay_between,
          uniq_pikel

Skill      XL: |  1  2  3  4  5  6 |
---------------+-------------------+-----
Shapeshifting  | 4 5 6 7 |  7.0
Fighting       | |  0.7
Dodging        | |  1.5
Unarmed Combat | |  3.0

Action                     |  1- 3 |  4- 6 || total
---------------------------+-------+-------++-------
  Melee: Unarmed           |    54 |    94 ||   148
         Punch             |       |     4 ||     4
    Use: Scroll            |     3 |    12 ||    15
   Stab: Sleeping          |     1 |       ||     1
 Armour: Animal skin       |    18 |    64 ||    82
  Dodge: Dodged            |    25 |    42 ||    67

Table legend: (Time is in decaauts)
 A = Elapsed time spent in this place.
 B = Non-inter-level travel time spent in this place.
 C = Inter-level travel time spent in this place.
 D = Time resting spent in this place.
 E = Time spent auto-exploring this place.
 F = Levels seen in this place.
 G = Mean time per level.
                   A        B        C        D        E       F      G
               +--------+--------+--------+--------+--------+-----+--------+
         Total |   2670 |   2578 |     92 |    100 |   2021 |   5 |  534.0 |
       Dungeon |   2670 |   2578 |     92 |    100 |   2021 |   5 |  534.0 |
               +--------+--------+--------+--------+--------+-----+--------+

Top non-repeatable levels by time:
     D:1: 1052 daAuts
     D:4: 687 daAuts
     D:3: 478 daAuts
     D:2: 343 daAuts
     D:5: 109 daAuts
